[ AOE2 MATCH · #482040131 ]
Team RMMagyars vs Ethiopians
[ REPLAY ANALYSIS · EXTRACTED FROM THE RECORDED GAME ]
Feudal
11:09
Castle
22:46
Imperial
—
| APM avg | 38.9 |
| APM peak | 94 |
| eAPM avg | 17.5 |
| Villagers / military | 113 / 59 |
Focus
⚔️ 30.1% · 🌾 69.9%
Knight ×38 · Scout Cavalry ×19 · Monk ×2
Feudal
9:33
Castle
—
Imperial
—
| APM avg | 27.6 |
| APM peak | 68 |
| eAPM avg | 8.2 |
| Villagers / military | 31 / 23 |
Focus
⚔️ 19.8% · 🌾 80.2%
Archer ×21 · Spearman ×2
Feudal
11:29
Castle
26:26
Imperial
—
| APM avg | 20.5 |
| APM peak | 58 |
| eAPM avg | 11.0 |
| Villagers / military | 54 / 58 |
Focus
⚔️ 20.5% · 🌾 79.5%
Huskarl ×41 · Militia ×15 · Spearman ×2
Feudal
10:27
Castle
14:34
Imperial
—
| APM avg | 33.7 |
| APM peak | 72 |
| eAPM avg | 14.4 |
| Villagers / military | 77 / 37 |
Focus
⚔️ 29.2% · 🌾 70.8%
Mangudai ×18 · Scout Cavalry ×10 · Steppe Lancer ×5 · Scorpion ×3 · Monk ×1
Feudal
12:11
Castle
22:09
Imperial
35:29
| APM avg | 43.1 |
| APM peak | 85 |
| eAPM avg | 21.9 |
| Villagers / military | 113 / 63 |
Focus
⚔️ 21.1% · 🌾 78.9%
Steppe Lancer ×61 · Trebuchet (Packed) ×2
Feudal
10:07
Castle
19:42
Imperial
—
| APM avg | 31.1 |
| APM peak | 72 |
| eAPM avg | 15.7 |
| Villagers / military | 85 / 55 |
Focus
⚔️ 37.4% · 🌾 62.6%
Scout Cavalry ×55
Feudal
—
Castle
—
Imperial
—
| APM avg | 30.1 |
| APM peak | 58 |
| eAPM avg | 12.0 |
| Villagers / military | 59 / 38 |
Focus
⚔️ 21.5% · 🌾 78.5%
Archer ×35 · Mangonel ×2 · Spearman ×1
Feudal
8:39
Castle
24:18
Imperial
—
| APM avg | 33.3 |
| APM peak | 81 |
| eAPM avg | 17.0 |
| Villagers / military | 98 / 34 |
Focus
⚔️ 27.2% · 🌾 72.8%
Cavalry Archer ×29 · Spearman ×3 · Scout Cavalry ×2
Match map
Initial resources + every placement click. Lines = walls · curves = elevation contours. ◆ gold · ⬟ stone · ● berries · ✦ relic · ◌ wall gap
Your base· Open — unwalled flank
Gunna's base· Open — unwalled flank
Huesped Maldito's base· Open — unwalled flank
sengfan's base· Open — unwalled flank
Uncle_Buck's base· Open — unwalled flank
jkeR.!'s base· Open — unwalled flank
xXll-NETO-llXx's base· ✓ Closed at 28:19 · 50t walls · 3 gate(s)
sibus's base· ✓ Closed at 24:18 · 27t walls · 7 gate(s)
Smoothed initial terrain · ◌ = detected wall gap · hover for details
Inputs per minute
— Jam Cat - - Gunna
Build order — Jam Cat
First 150 of 269 actions detected
| 0:03 | Create | Villager (Male) |
| 0:03 | Create | Villager (Male) |
| 0:03 | Create | Villager (Male) |
| 0:03 | Create | Villager (Male) |
| 0:04 | Create | Villager (Male) |
| 0:06 | Build | House |
| 0:07 | Build | House |
| 1:17 | Create | Villager (Male) |
| 1:17 | Create | Villager (Male) |
| 2:11 | Build | Lumber Camp |
| 2:19 | Create | Villager (Male) |
| 2:20 | Create | Villager (Male) |
| 2:44 | Create | Villager (Male) |
| 2:45 | Create | Villager (Male) |
| 2:45 | Create | Villager (Male) |
| 3:13 | Create | Villager (Male) |
| 3:13 | Create | Villager (Male) |
| 4:06 | Build | House |
| 4:07 | Build | House |
| 4:24 | Create | Villager (Male) |
| 4:24 | Create | Villager (Male) |
| 4:24 | Create | Villager (Male) |
| 4:57 | Create | Villager (Male) |
| 4:57 | Create | Villager (Male) |
| 4:58 | Create | Villager (Male) |
| 5:12 | Build | Mill |
| 5:27 | Create | Villager (Male) |
| 5:27 | Create | Villager (Male) |
| 5:27 | Create | Villager (Male) |
| 6:25 | Create | Villager (Male) |
| 6:25 | Create | Villager (Male) |
| 6:28 | Create | Villager (Male) |
| 6:28 | Create | Villager (Male) |
| 7:10 | Create | Villager (Male) |
| 7:10 | Create | Villager (Male) |
| 7:40 | Build | Lumber Camp |
| 8:02 | Create | Villager (Male) |
| 8:02 | Research | Loom |
| 8:50 | Research | Feudal Age |
| 10:15 | Build | Barracks |
| 10:34 | Build | Farm |
| 10:39 | Build | Farm |
| 11:09 | Age | Feudal Age |
| 11:10 | Build | House |
| 11:22 | Build | Stable |
| 11:25 | Research | Double-Bit Axe |
| 11:26 | Create | Villager (Male) |
| 11:26 | Create | Villager (Male) |
| 11:29 | Build | Farm |
| 11:31 | Build | Farm |
| 11:35 | Build | Farm |
| 11:37 | Create | Villager (Male) |
| 11:38 | Create | Villager (Male) |
| 11:50 | Build | House |
| 12:03 | Build | Farm |
| 12:22 | Build | Farm |
| 12:23 | Create | Villager (Male) |
| 12:26 | Create | Scout Cavalry |
| 12:26 | Create | Scout Cavalry |
| 12:27 | Create | Scout Cavalry |
| 12:27 | Create | Scout Cavalry |
| 12:50 | Build | House |
| 12:57 | Build | Farm |
| 13:09 | Create | Villager (Male) |
| 13:13 | Build | Farm |
| 13:21 | Create | Villager (Male) |
| 13:29 | Research | Horse Collar |
| 13:36 | Build | House |
| 13:38 | Create | Villager (Male) |
| 13:40 | Build | Farm |
| 14:23 | Build | Farm |
| 14:24 | Create | Villager (Male) |
| 14:26 | Build | Farm |
| 14:32 | Build | Blacksmith |
| 14:59 | Build | Farm |
| 15:20 | Create | Villager (Male) |
| 15:23 | Build | Farm |
| 15:27 | Research | Scale Barding Armor |
| 15:29 | Build | House |
| 16:54 | Create | Villager (Male) |
| 16:54 | Create | Villager (Male) |
| 16:54 | Create | Villager (Male) |
| 16:55 | Create | Villager (Male) |
| 16:55 | Create | Villager (Male) |
| 16:55 | Create | Villager (Male) |
| 16:57 | Create | Villager (Male) |
| 17:14 | Create | Scout Cavalry |
| 17:14 | Create | Scout Cavalry |
| 17:14 | Create | Scout Cavalry |
| 17:15 | Create | Scout Cavalry |
| 17:52 | Build | House |
| 17:57 | Build | Mining Camp |
| 18:24 | Create | Scout Cavalry |
| 18:25 | Create | Scout Cavalry |
| 18:44 | Build | House |
| 19:53 | Create | Villager (Male) |
| 19:55 | Build | Farm |
| 19:59 | Build | Farm |
| 20:00 | Build | Farm |
| 20:01 | Build | Farm |
| 20:06 | Research | Castle Age |
| 20:07 | Research | Wheelbarrow |
| 20:08 | Research | Town Watch |
| 20:08 | Research | Town Watch |
| 20:26 | Create | Scout Cavalry |
| 20:26 | Create | Scout Cavalry |
| 20:32 | Build | Stable |
| 20:34 | Build | House |
| 20:35 | Build | House |
| 20:58 | Research | Bloodlines |
| 21:25 | Create | Scout Cavalry |
| 21:25 | Create | Scout Cavalry |
| 21:42 | Research | Gold Mining |
| 21:55 | Create | Scout Cavalry |
| 22:21 | Create | Scout Cavalry |
| 22:46 | Age | Castle Age |
| 22:48 | Research | Light Cavalry (upgrade) |
| 23:07 | Build | Town Center |
| 23:15 | Research | Chain Barding Armor |
| 23:56 | Build | House |
| 23:58 | Create | Villager (Male) |
| 23:59 | Create | Villager (Male) |
| 23:59 | Create | Villager (Male) |
| 23:59 | Create | Villager (Male) |
| 24:28 | Create | Knight |
| 24:28 | Create | Knight |
| 24:28 | Create | Knight |
| 24:29 | Create | Knight |
| 25:07 | Build | Town Center |
| 25:15 | Build | House |
| 25:17 | Create | Knight |
| 25:18 | Create | Knight |
| 25:19 | Create | Knight |
| 25:20 | Research | Husbandry |
| 25:22 | Create | Villager (Male) |
| 25:22 | Create | Villager (Male) |
| 26:05 | Create | Knight |
| 26:05 | Create | Scout Cavalry |
| 26:05 | Create | Knight |
| 26:05 | Create | Knight |
| 26:06 | Create | Knight |
| 26:25 | Create | Villager (Male) |
| 26:25 | Create | Villager (Male) |
| 26:25 | Create | Villager (Male) |
| 26:25 | Create | Villager (Male) |
| 26:26 | Create | Villager (Male) |
| 26:26 | Create | Villager (Male) |
| 26:41 | Build | Mining Camp |
| 26:45 | Create | Knight |
| 26:45 | Create | Knight |
Build order — Gunna
89 actions detected in the replay
| 0:03 | Build | House |
| 0:05 | Build | House |
| 0:06 | Create | Villager (Male) |
| 0:06 | Create | Villager (Male) |
| 0:06 | Create | Villager (Male) |
| 0:07 | Create | Villager (Male) |
| 1:34 | Create | Villager (Male) |
| 1:35 | Create | Villager (Male) |
| 1:35 | Create | Villager (Male) |
| 1:51 | Create | Villager (Male) |
| 1:51 | Create | Villager (Male) |
| 1:51 | Create | Villager (Male) |
| 2:49 | Create | Villager (Male) |
| 2:49 | Create | Villager (Male) |
| 2:49 | Create | Villager (Male) |
| 2:55 | Build | Lumber Camp |
| 3:54 | Create | Villager (Male) |
| 3:54 | Create | Villager (Male) |
| 4:31 | Create | Villager (Male) |
| 4:31 | Create | Villager (Male) |
| 5:07 | Create | Villager (Male) |
| 5:07 | Create | Villager (Male) |
| 5:13 | Build | House |
| 5:44 | Research | Loom |
| 6:20 | Build | Mining Camp |
| 7:23 | Research | Feudal Age |
| 8:22 | Create | Villager (Male) |
| 8:49 | Create | Villager (Male) |
| 9:33 | Age | Feudal Age |
| 9:59 | Build | Barracks |
| 10:16 | Create | Villager (Male) |
| 10:20 | Research | Double-Bit Axe |
| 10:57 | Create | Villager (Male) |
| 10:57 | Create | Villager (Male) |
| 11:03 | Build | House |
| 11:23 | Create | Spearman |
| 11:23 | Create | Spearman |
| 12:41 | Create | Villager (Male) |
| 12:41 | Create | Villager (Male) |
| 12:52 | Build | House |
| 13:11 | Create | Villager (Male) |
| 13:11 | Create | Villager (Male) |
| 13:35 | Build | Archery Range |
| 13:50 | Create | Villager (Male) |
| 13:56 | Build | House |
| 14:09 | Create | Archer |
| 14:09 | Create | Archer |
| 14:33 | Build | Blacksmith |
| 14:56 | Create | Archer |
| 14:58 | Create | Villager (Male) |
| 15:05 | Build | House |
| 15:07 | Build | Palisade Wall |
| 15:14 | Create | Villager (Male) |
| 16:34 | Build | Watch Tower |
| 17:18 | Create | Archer |
| 17:19 | Create | Archer |
| 17:36 | Create | Archer |
| 17:36 | Create | Archer |
| 17:54 | Build | Lumber Camp |
| 18:03 | Create | Archer |
| 18:04 | Create | Archer |
| 18:41 | Create | Archer |
| 19:10 | Create | Archer |
| 19:25 | Build | Mill |
| 19:30 | Create | Archer |
| 19:30 | Create | Archer |
| 19:37 | Build | Archery Range |
| 20:01 | Build | Outpost |
| 20:14 | Build | Farm |
| 20:15 | Build | Farm |
| 20:20 | Create | Archer |
| 20:20 | Create | Archer |
| 20:45 | Build | Farm |
| 20:48 | Build | Farm |
| 20:50 | Build | Farm |
| 20:58 | Build | Farm |
| 20:59 | Build | Farm |
| 21:00 | Build | Farm |
| 21:02 | Create | Archer |
| 21:02 | Create | Archer |
| 22:11 | Create | Archer |
| 22:11 | Create | Archer |
| 22:15 | Build | Farm |
| 22:17 | Build | Farm |
| 22:18 | Build | Farm |
| 22:21 | Research | Fletching |
| 23:14 | Create | Archer |
| 23:15 | Create | Archer |
| 25:38 | Build | Palisade Wall |
Build order — Huesped Maldito
First 150 of 168 actions detected
| 0:01 | Create | Villager (Male) |
| 0:01 | Create | Villager (Male) |
| 0:02 | Create | Villager (Male) |
| 0:02 | Create | Villager (Male) |
| 0:02 | Create | Villager (Male) |
| 0:03 | Build | House |
| 0:04 | Build | House |
| 0:05 | Build | House |
| 0:06 | Build | House |
| 1:28 | Build | Mill |
| 1:44 | Create | Villager (Male) |
| 1:44 | Create | Villager (Male) |
| 1:45 | Create | Villager (Male) |
| 2:13 | Create | Villager (Male) |
| 2:28 | Create | Villager (Male) |
| 3:03 | Create | Villager (Male) |
| 3:18 | Create | Villager (Male) |
| 3:44 | Create | Villager (Male) |
| 3:45 | Create | Villager (Male) |
| 4:15 | Create | Villager (Male) |
| 4:39 | Create | Villager (Male) |
| 4:39 | Create | Villager (Male) |
| 4:53 | Create | Villager (Male) |
| 5:48 | Build | Lumber Camp |
| 6:09 | Create | Villager (Male) |
| 6:09 | Create | Villager (Male) |
| 6:09 | Create | Villager (Male) |
| 6:35 | Build | House |
| 7:30 | Create | Villager (Male) |
| 7:47 | Build | Barracks |
| 7:56 | Create | Villager (Male) |
| 8:24 | Create | Villager (Male) |
| 8:32 | Build | Mill |
| 8:47 | Create | Villager (Male) |
| 8:55 | Build | House |
| 9:19 | Research | Feudal Age |
| 9:41 | Build | Mining Camp |
| 9:52 | Create | Militia |
| 10:55 | Create | Militia |
| 10:55 | Create | Militia |
| 11:07 | Create | Villager (Male) |
| 11:08 | Create | Villager (Male) |
| 11:08 | Create | Villager (Male) |
| 11:08 | Create | Villager (Male) |
| 11:29 | Age | Feudal Age |
| 11:31 | Research | Man-at-Arms (upgrade) |
| 11:32 | Create | Militia |
| 11:40 | Build | Market |
| 11:41 | Build | Blacksmith |
| 12:17 | Create | Villager (Male) |
| 12:22 | Create | Militia |
| 12:23 | Create | Militia |
| 12:23 | Create | Militia |
| 12:28 | Build | Watch Tower |
| 12:33 | Create | Militia |
| 12:40 | Build | House |
| 13:02 | Build | House |
| 13:04 | Build | House |
| 13:30 | Create | Villager (Male) |
| 13:53 | Create | Militia |
| 13:54 | Create | Militia |
| 14:21 | Build | Barracks |
| 15:11 | Create | Spearman |
| 15:11 | Create | Spearman |
| 15:39 | Build | Barracks |
| 15:48 | Create | Militia |
| 15:48 | Create | Militia |
| 15:53 | Build | Farm |
| 15:53 | Build | Farm |
| 15:53 | Build | Farm |
| 15:54 | Build | Farm |
| 15:54 | Build | Farm |
| 15:54 | Build | Farm |
| 15:55 | Build | Farm |
| 17:07 | Create | Militia |
| 17:07 | Create | Militia |
| 17:08 | Create | Militia |
| 17:51 | Build | Farm |
| 17:51 | Build | Farm |
| 17:51 | Build | Farm |
| 17:51 | Build | Farm |
| 17:52 | Build | Farm |
| 17:52 | Build | Farm |
| 17:52 | Build | Farm |
| 17:53 | Build | Farm |
| 17:54 | Create | Villager (Male) |
| 18:10 | Create | Villager (Male) |
| 18:10 | Create | Villager (Male) |
| 18:10 | Create | Villager (Male) |
| 18:10 | Create | Villager (Male) |
| 18:11 | Create | Villager (Male) |
| 18:37 | Create | Villager (Male) |
| 18:53 | Build | Lumber Camp |
| 20:01 | Build | Farm |
| 20:01 | Build | Farm |
| 20:24 | Research | Double-Bit Axe |
| 20:30 | Research | Horse Collar |
| 20:41 | Build | Palisade Wall |
| 20:46 | Create | Villager (Male) |
| 21:10 | Create | Villager (Male) |
| 21:10 | Create | Villager (Male) |
| 21:22 | Build | Palisade Wall |
| 21:32 | Build | Palisade Gate |
| 21:39 | Build | Farm |
| 21:39 | Build | Farm |
| 21:39 | Build | Farm |
| 22:09 | Create | Villager (Male) |
| 22:15 | Build | Farm |
| 22:15 | Build | Farm |
| 22:16 | Build | Farm |
| 22:45 | Create | Villager (Male) |
| 22:45 | Create | Villager (Male) |
| 22:47 | Build | Farm |
| 22:48 | Build | Farm |
| 23:27 | Build | Palisade Gate |
| 23:46 | Research | Castle Age |
| 23:46 | Research | Castle Age |
| 23:49 | Build | Mining Camp |
| 25:37 | Research | Wheelbarrow |
| 25:38 | Research | Town Watch |
| 26:26 | Age | Castle Age |
| 26:58 | Build | Castle |
| 27:59 | Build | Lumber Camp |
| 28:21 | Research | Anarchy |
| 28:42 | Research | Gold Mining |
| 28:59 | Research | Squires |
| 29:04 | Build | Farm |
| 29:24 | Build | Farm |
| 29:26 | Create | Villager (Male) |
| 29:26 | Create | Villager (Male) |
| 29:26 | Create | Villager (Male) |
| 29:27 | Create | Villager (Male) |
| 29:36 | Create | Huskarl ×2 |
| 29:49 | Create | Huskarl |
| 30:07 | Create | Huskarl ×3 |
| 30:20 | Create | Villager (Male) |
| 30:49 | Create | Huskarl ×3 |
| 31:01 | Build | Farm |
| 31:12 | Build | Farm |
| 31:15 | Create | Huskarl ×2 |
| 31:29 | Create | Huskarl ×4 |
| 31:29 | Create | Huskarl ×4 |
| 31:56 | Create | Huskarl ×2 |
| 32:02 | Create | Huskarl ×2 |
| 32:12 | Create | Villager (Male) |
| 32:19 | Build | Siege Workshop |
| 32:22 | Create | Huskarl |
| 32:29 | Create | Villager (Male) |
| 33:02 | Research | Forging |
| 33:02 | Research | Scale Mail Armor |
Build order — sengfan
First 150 of 190 actions detected
| 0:03 | Build | House |
| 0:06 | Build | House |
| 0:11 | Build | House |
| 0:11 | Create | Villager (Male) |
| 0:12 | Create | Villager (Male) |
| 0:12 | Create | Villager (Male) |
| 0:17 | Create | Villager (Male) |
| 1:39 | Create | Villager (Male) |
| 2:12 | Create | Villager (Male) |
| 2:38 | Create | Villager (Male) |
| 3:06 | Create | Villager (Male) |
| 3:07 | Create | Villager (Male) |
| 3:11 | Create | Villager (Male) |
| 3:49 | Build | Lumber Camp |
| 3:50 | Create | Villager (Male) |
| 4:07 | Build | House |
| 4:26 | Create | Villager (Male) |
| 4:41 | Create | Villager (Male) |
| 4:42 | Create | Villager (Male) |
| 4:43 | Create | Villager (Male) |
| 4:43 | Create | Villager (Male) |
| 4:55 | Build | House |
| 4:56 | Create | Villager (Male) |
| 4:56 | Create | Villager (Male) |
| 5:50 | Create | Villager (Male) |
| 6:01 | Build | Mill |
| 6:22 | Create | Villager (Male) |
| 6:22 | Create | Villager (Male) |
| 6:22 | Create | Villager (Male) |
| 7:17 | Create | Villager (Male) |
| 7:17 | Create | Villager (Male) |
| 7:25 | Build | Mining Camp |
| 8:17 | Research | Feudal Age |
| 9:53 | Build | Lumber Camp |
| 10:27 | Age | Feudal Age |
| 10:34 | Build | Blacksmith |
| 10:41 | Create | Villager (Male) |
| 10:42 | Create | Villager (Male) |
| 10:42 | Create | Villager (Male) |
| 11:11 | Build | Market |
| 11:54 | Research | Castle Age |
| 12:19 | Research | Horse Collar |
| 12:19 | Research | Horse Collar |
| 13:06 | Research | Double-Bit Axe |
| 13:42 | Build | Farm |
| 13:45 | Build | Farm |
| 13:48 | Build | Farm |
| 13:52 | Build | Farm |
| 14:34 | Age | Castle Age |
| 14:35 | Build | Mining Camp |
| 14:44 | Build | Siege Workshop |
| 14:46 | Create | Villager (Male) |
| 14:46 | Create | Villager (Male) |
| 15:14 | Build | House |
| 15:19 | Create | Scorpion |
| 15:20 | Create | Scorpion |
| 15:24 | Build | House |
| 15:31 | Research | Stone Mining |
| 15:31 | Research | Stone Mining |
| 15:50 | Build | House |
| 17:18 | Create | Villager (Male) |
| 17:18 | Create | Villager (Male) |
| 17:19 | Create | Villager (Male) |
| 17:30 | Build | Farm |
| 17:45 | Build | Monastery |
| 18:09 | Build | Barracks |
| 18:14 | Create | Scorpion |
| 18:43 | Research | Loom |
| 19:19 | Create | Villager (Male) |
| 19:20 | Create | Villager (Male) |
| 19:20 | Create | Villager (Male) |
| 20:12 | Build | Town Center |
| 20:17 | Build | Farm |
| 20:37 | Build | Castle |
| 20:49 | Create | Villager (Male) |
| 20:49 | Create | Villager (Male) |
| 20:50 | Create | Villager (Male) |
| 20:53 | Build | Farm |
| 20:54 | Build | Farm |
| 21:13 | Create | Monk |
| 21:37 | Build | Farm |
| 22:19 | Create | Villager (Male) |
| 22:19 | Create | Villager (Male) |
| 22:20 | Create | Villager (Male) |
| 22:36 | Build | Town Center |
| 22:38 | Create | Villager (Male) |
| 22:38 | Create | Villager (Male) |
| 22:39 | Create | Villager (Male) |
| 23:08 | Create | Villager (Male) |
| 23:08 | Create | Villager (Male) |
| 23:08 | Create | Villager (Male) |
| 24:10 | Research | Fletching |
| 24:13 | Create | Villager (Male) |
| 24:13 | Create | Villager (Male) |
| 24:13 | Create | Villager (Male) |
| 24:16 | Build | Farm |
| 24:17 | Build | Farm |
| 24:18 | Build | Farm |
| 24:19 | Build | Farm |
| 24:33 | Build | Farm |
| 24:34 | Build | Farm |
| 24:34 | Create | Villager (Male) |
| 25:04 | Build | House |
| 25:05 | Build | House |
| 25:07 | Create | Villager (Male) |
| 25:08 | Create | Villager (Male) |
| 25:14 | Build | House |
| 25:22 | Build | House |
| 25:25 | Create | Mangudai ×5 |
| 25:25 | Create | Mangudai ×5 |
| 25:26 | Create | Mangudai ×3 |
| 25:26 | Create | Mangudai ×3 |
| 26:06 | Create | Villager (Male) |
| 26:07 | Create | Villager (Male) |
| 26:07 | Create | Villager (Male) |
| 26:12 | Create | Mangudai |
| 26:33 | Build | Farm |
| 26:35 | Build | Farm |
| 26:38 | Build | Farm |
| 26:49 | Build | Farm |
| 26:59 | Create | Mangudai |
| 27:43 | Research | Wheelbarrow |
| 27:48 | Build | Farm |
| 27:49 | Build | Farm |
| 27:51 | Build | Farm |
| 27:53 | Create | Villager (Male) |
| 27:53 | Create | Villager (Male) |
| 27:54 | Create | Villager (Male) |
| 27:54 | Create | Villager (Male) |
| 27:59 | Create | Villager (Male) |
| 27:59 | Create | Villager (Male) |
| 27:59 | Create | Villager (Male) |
| 28:09 | Build | Archery Range |
| 28:15 | Build | Stable |
| 28:23 | Research | Bodkin Arrow |
| 28:28 | Build | Farm |
| 28:31 | Build | Farm |
| 28:37 | Build | Farm |
| 28:45 | Create | Villager (Male) |
| 28:45 | Create | Villager (Male) |
| 28:55 | Create | Villager (Male) |
| 28:58 | Build | Farm |
| 28:58 | Build | Farm |
| 28:58 | Build | Farm |
| 28:59 | Build | Farm |
| 28:59 | Build | Farm |
| 28:59 | Build | Farm |
| 29:00 | Build | Farm |
| 29:46 | Build | Farm |
| 29:47 | Build | Farm |
Build order — Uncle_Buck
First 150 of 305 actions detected
| 0:03 | Create | Villager (Male) |
| 0:03 | Create | Villager (Male) |
| 0:04 | Build | House |
| 0:05 | Build | House |
| 0:25 | Create | Villager (Male) |
| 0:25 | Create | Villager (Male) |
| 0:25 | Create | Villager (Male) |
| 1:26 | Create | Villager (Male) |
| 1:26 | Create | Villager (Male) |
| 2:13 | Build | Lumber Camp |
| 2:29 | Create | Villager (Male) |
| 2:29 | Create | Villager (Male) |
| 3:03 | Create | Villager (Male) |
| 3:04 | Create | Villager (Male) |
| 3:13 | Create | Villager (Male) |
| 3:40 | Create | Villager (Male) |
| 3:41 | Create | Villager (Male) |
| 3:56 | Create | Villager (Male) |
| 4:13 | Build | House |
| 4:39 | Create | Villager (Male) |
| 5:03 | Build | House |
| 5:08 | Build | House |
| 5:29 | Create | Villager (Male) |
| 5:44 | Build | Mill |
| 6:11 | Create | Villager (Male) |
| 6:12 | Create | Villager (Male) |
| 6:49 | Create | Villager (Male) |
| 7:23 | Create | Villager (Male) |
| 7:36 | Create | Villager (Male) |
| 8:05 | Create | Villager (Male) |
| 8:20 | Build | Barracks |
| 8:29 | Create | Villager (Male) |
| 8:38 | Create | Villager (Male) |
| 9:11 | Create | Villager (Male) |
| 9:11 | Create | Villager (Male) |
| 9:22 | Build | Mining Camp |
| 10:00 | Research | Feudal Age |
| 10:00 | Research | Feudal Age |
| 10:18 | Build | Mill |
| 12:11 | Age | Feudal Age |
| 12:13 | Build | Town Center |
| 12:13 | Research | Double-Bit Axe |
| 12:18 | Create | Villager (Male) |
| 12:24 | Research | Horse Collar |
| 12:37 | Create | Villager (Male) |
| 12:49 | Create | Villager (Male) |
| 13:13 | Create | Villager (Male) |
| 13:22 | Create | Villager (Male) |
| 13:22 | Create | Villager (Male) |
| 13:24 | Create | Villager (Male) |
| 13:27 | Build | Farm |
| 13:28 | Build | Farm |
| 13:34 | Build | Farm |
| 13:34 | Build | Farm |
| 13:34 | Build | Farm |
| 13:34 | Build | Farm |
| 13:35 | Build | Farm |
| 13:36 | Build | Farm |
| 13:40 | Create | Villager (Male) |
| 13:47 | Create | Villager (Male) |
| 13:52 | Build | Farm |
| 14:02 | Build | Farm |
| 14:13 | Build | Farm |
| 14:21 | Create | Villager (Male) |
| 14:30 | Create | Villager (Male) |
| 14:50 | Create | Villager (Male) |
| 15:02 | Build | House |
| 15:04 | Build | House |
| 15:08 | Create | Villager (Male) |
| 15:11 | Create | Villager (Male) |
| 15:12 | Create | Villager (Male) |
| 15:41 | Create | Villager (Male) |
| 15:43 | Create | Villager (Male) |
| 15:47 | Create | Villager (Male) |
| 15:59 | Create | Villager (Male) |
| 16:00 | Create | Villager (Male) |
| 16:02 | Build | Farm |
| 16:10 | Build | Lumber Camp |
| 16:12 | Build | Stable |
| 16:15 | Create | Villager (Male) |
| 16:22 | Build | Farm |
| 16:24 | Build | Farm |
| 16:27 | Build | Market |
| 16:29 | Create | Villager (Male) |
| 16:45 | Create | Villager (Male) |
| 16:47 | Build | Farm |
| 16:49 | Build | Farm |
| 16:49 | Create | Villager (Male) |
| 16:54 | Create | Villager (Male) |
| 17:03 | Build | Stable |
| 17:07 | Create | Villager (Male) |
| 17:16 | Build | Farm |
| 17:26 | Create | Villager (Male) |
| 17:27 | Create | Villager (Male) |
| 17:42 | Build | House |
| 17:47 | Build | House |
| 17:48 | Build | House |
| 17:51 | Build | House |
| 17:52 | Build | House |
| 17:59 | Research | Wheelbarrow |
| 18:05 | Build | Farm |
| 18:09 | Build | Farm |
| 18:33 | Create | Villager (Male) |
| 18:53 | Build | House |
| 19:04 | Build | Farm |
| 19:06 | Build | Farm |
| 19:15 | Build | House |
| 19:29 | Research | Castle Age |
| 19:35 | Build | Lumber Camp |
| 19:57 | Build | Blacksmith |
| 19:57 | Create | Villager (Male) |
| 20:06 | Create | Villager (Male) |
| 20:55 | Build | Mining Camp |
| 21:01 | Build | Stable |
| 21:07 | Research | Scale Barding Armor |
| 21:08 | Research | Forging |
| 21:09 | Create | Villager (Male) |
| 21:18 | Create | Villager (Male) |
| 21:19 | Create | Villager (Male) |
| 21:20 | Create | Villager (Male) |
| 21:45 | Build | Farm |
| 21:50 | Create | Villager (Male) |
| 21:55 | Build | Stable |
| 22:04 | Create | Villager (Male) |
| 22:09 | Age | Castle Age |
| 22:14 | Create | Steppe Lancer |
| 22:14 | Create | Steppe Lancer |
| 22:14 | Create | Steppe Lancer |
| 22:14 | Create | Steppe Lancer |
| 22:15 | Create | Steppe Lancer |
| 22:15 | Create | Steppe Lancer |
| 22:16 | Research | Bloodlines |
| 22:18 | Create | Villager (Male) |
| 22:20 | Create | Villager (Male) |
| 22:25 | Build | Lumber Camp |
| 22:27 | Create | Villager (Male) |
| 22:33 | Create | Villager (Male) |
| 22:40 | Build | Farm |
| 22:42 | Build | Town Center |
| 22:44 | Create | Villager (Male) |
| 22:53 | Create | Steppe Lancer |
| 22:53 | Create | Steppe Lancer |
| 22:53 | Create | Steppe Lancer |
| 22:57 | Build | House |
| 23:08 | Create | Steppe Lancer |
| 23:08 | Create | Steppe Lancer |
| 23:22 | Create | Steppe Lancer |
| 23:23 | Create | Steppe Lancer |
| 23:23 | Create | Steppe Lancer |
| 23:57 | Create | Villager (Male) |
Build order — jkeR.!
First 150 of 211 actions detected
| 0:02 | Create | Villager (Male) ×4 |
| 0:03 | Build | House |
| 0:05 | Build | House |
| 1:29 | Create | Villager (Male) |
| 1:52 | Create | Villager (Male) |
| 1:52 | Create | Villager (Male) |
| 2:10 | Create | Villager (Male) |
| 2:11 | Create | Villager (Male) |
| 2:35 | Create | Villager (Male) |
| 2:36 | Create | Villager (Male) |
| 3:01 | Create | Villager (Male) |
| 3:02 | Create | Villager (Male) |
| 3:11 | Build | Lumber Camp |
| 3:33 | Build | House |
| 3:50 | Create | Villager (Male) |
| 3:51 | Create | Villager (Male) |
| 3:51 | Create | Villager (Male) |
| 4:18 | Build | House |
| 4:26 | Create | Villager (Male) |
| 5:05 | Create | Villager (Male) |
| 5:05 | Create | Villager (Male) |
| 5:09 | Build | Mill |
| 5:45 | Create | Villager (Male) |
| 6:00 | Create | Villager (Male) |
| 6:36 | Create | Villager (Male) |
| 7:06 | Build | Barracks |
| 7:32 | Create | Villager (Male) |
| 7:46 | Build | Mining Camp |
| 7:56 | Research | Feudal Age |
| 9:44 | Build | House |
| 10:02 | Create | Villager (Male) |
| 10:03 | Create | Villager (Male) |
| 10:07 | Age | Feudal Age |
| 10:14 | Build | Stable |
| 10:58 | Build | Farm |
| 11:00 | Create | Scout Cavalry |
| 11:04 | Build | Farm |
| 11:05 | Create | Villager (Male) |
| 11:09 | Research | Bloodlines |
| 11:10 | Create | Scout Cavalry |
| 11:28 | Create | Villager (Male) |
| 11:37 | Build | Farm |
| 11:44 | Build | House |
| 11:50 | Build | House |
| 11:56 | Create | Villager (Male) |
| 12:01 | Build | Farm |
| 12:04 | Create | Villager (Male) |
| 12:39 | Create | Villager (Male) |
| 13:13 | Create | Villager (Male) |
| 13:15 | Create | Scout Cavalry |
| 13:16 | Create | Scout Cavalry |
| 13:38 | Build | Blacksmith |
| 13:50 | Build | Market |
| 14:00 | Create | Villager (Male) |
| 14:04 | Build | Farm |
| 14:34 | Build | Farm |
| 14:51 | Build | Mining Camp |
| 14:58 | Create | Villager (Male) |
| 14:59 | Create | Villager (Male) |
| 15:20 | Create | Scout Cavalry |
| 15:21 | Create | Scout Cavalry |
| 15:33 | Build | House |
| 15:38 | Build | Farm |
| 16:44 | Build | Farm |
| 16:49 | Build | House |
| 17:02 | Research | Castle Age |
| 17:15 | Research | Horse Collar |
| 17:15 | Research | Horse Collar |
| 18:02 | Create | Scout Cavalry |
| 18:02 | Create | Scout Cavalry |
| 18:13 | Build | House |
| 18:22 | Build | House |
| 18:24 | Build | House |
| 18:27 | Create | Scout Cavalry |
| 18:27 | Create | Scout Cavalry |
| 18:50 | Build | Stable |
| 18:55 | Create | Scout Cavalry |
| 18:56 | Create | Scout Cavalry |
| 19:42 | Age | Castle Age |
| 19:59 | Build | Stable |
| 20:02 | Create | Villager (Male) |
| 20:02 | Create | Villager (Male) |
| 20:06 | Build | Town Center |
| 20:12 | Create | Villager (Male) |
| 20:23 | Build | Palisade Gate |
| 20:30 | Create | Scout Cavalry |
| 20:38 | Build | Farm |
| 20:54 | Create | Scout Cavalry |
| 20:54 | Create | Scout Cavalry |
| 20:54 | Create | Scout Cavalry |
| 20:55 | Create | Scout Cavalry |
| 21:09 | Build | Farm |
| 21:20 | Build | Farm |
| 21:22 | Build | Farm |
| 21:26 | Create | Villager (Male) |
| 21:27 | Create | Villager (Male) |
| 21:27 | Create | Villager (Male) |
| 21:44 | Create | Villager (Male) |
| 21:44 | Create | Villager (Male) |
| 21:47 | Research | Loom |
| 22:04 | Create | Scout Cavalry |
| 22:04 | Create | Scout Cavalry |
| 22:20 | Create | Villager (Male) |
| 22:20 | Create | Villager (Male) |
| 22:29 | Build | Farm |
| 22:30 | Build | Farm |
| 23:19 | Research | Light Cavalry (upgrade) |
| 23:19 | Create | Scout Cavalry |
| 23:20 | Create | Scout Cavalry |
| 23:32 | Create | Villager (Male) |
| 23:32 | Create | Villager (Male) |
| 23:32 | Create | Villager (Male) |
| 23:57 | Create | Scout Cavalry |
| 23:57 | Create | Scout Cavalry |
| 23:58 | Create | Scout Cavalry |
| 24:09 | Build | Farm |
| 24:14 | Build | Farm |
| 24:15 | Build | Farm |
| 24:16 | Build | Farm |
| 24:17 | Build | Farm |
| 24:24 | Build | Farm |
| 24:25 | Build | Farm |
| 24:29 | Create | Scout Cavalry |
| 24:29 | Create | Scout Cavalry |
| 24:31 | Create | Scout Cavalry |
| 24:31 | Create | Scout Cavalry |
| 24:38 | Create | Scout Cavalry |
| 24:38 | Create | Scout Cavalry |
| 24:47 | Create | Scout Cavalry |
| 24:48 | Create | Scout Cavalry |
| 25:04 | Create | Scout Cavalry |
| 25:05 | Create | Scout Cavalry |
| 25:21 | Create | Villager (Male) |
| 25:21 | Create | Villager (Male) |
| 25:22 | Create | Villager (Male) |
| 25:27 | Create | Scout Cavalry |
| 25:27 | Create | Scout Cavalry |
| 25:28 | Create | Scout Cavalry |
| 26:34 | Create | Scout Cavalry |
| 26:35 | Create | Scout Cavalry |
| 26:35 | Create | Scout Cavalry |
| 26:35 | Create | Scout Cavalry |
| 26:36 | Create | Scout Cavalry |
| 26:36 | Create | Scout Cavalry |
| 26:53 | Build | Farm |
| 26:54 | Build | Farm |
| 27:16 | Create | Scout Cavalry |
| 27:17 | Create | Scout Cavalry |
| 27:17 | Create | Scout Cavalry |
| 27:17 | Create | Scout Cavalry |
Build order — xXll-NETO-llXx
First 150 of 195 actions detected
| 0:03 | Research | Loom |
| 0:03 | Create | Villager (Male) |
| 0:03 | Create | Villager (Male) |
| 0:04 | Create | Villager (Male) |
| 0:04 | Create | Villager (Male) |
| 0:04 | Create | Villager (Male) |
| 0:07 | Build | House |
| 0:08 | Build | House |
| 1:44 | Create | Villager (Male) |
| 1:49 | Build | House |
| 1:50 | Build | House |
| 1:51 | Build | House |
| 1:53 | Build | House |
| 1:54 | Build | House |
| 1:56 | Build | House |
| 2:27 | Create | Villager (Male) |
| 2:27 | Create | Villager (Male) |
| 2:45 | Create | Villager (Male) |
| 3:15 | Create | Villager (Male) |
| 3:16 | Create | Villager (Male) |
| 3:16 | Create | Villager (Male) |
| 3:43 | Create | Villager (Male) |
| 3:43 | Create | Villager (Male) |
| 4:08 | Create | Villager (Male) |
| 4:46 | Create | Villager (Male) |
| 4:46 | Create | Villager (Male) |
| 4:51 | Create | Villager (Male) |
| 5:11 | Build | Palisade Wall |
| 5:33 | Create | Villager (Male) |
| 5:59 | Create | Villager (Male) |
| 6:18 | Build | Palisade Wall |
| 6:27 | Create | Villager (Male) |
| 6:28 | Create | Villager (Male) |
| 6:28 | Create | Villager (Male) |
| 7:04 | Build | Mill |
| 7:24 | Build | Palisade Wall |
| 7:30 | Create | Villager (Male) |
| 7:48 | Build | Palisade Wall |
| 8:11 | Build | Lumber Camp |
| 8:14 | Create | Villager (Male) |
| 8:48 | Build | Palisade Wall |
| 8:55 | Build | Palisade Wall |
| 8:57 | Create | Villager (Male) |
| 8:58 | Create | Villager (Male) |
| 9:40 | Create | Villager (Male) |
| 10:04 | Research | Feudal Age |
| 10:18 | Build | Barracks |
| 10:22 | Build | Palisade Gate |
| 11:46 | Build | Mining Camp |
| 12:00 | Build | Lumber Camp |
| 12:07 | Create | Villager (Male) |
| 12:07 | Create | Villager (Male) |
| 12:07 | Create | Villager (Male) |
| 12:08 | Create | Villager (Male) |
| 12:31 | Create | Spearman |
| 12:58 | Build | Market |
| 13:31 | Build | Watch Tower |
| 13:58 | Build | Archery Range |
| 14:07 | Create | Villager (Male) |
| 14:07 | Create | Villager (Male) |
| 14:20 | Build | Watch Tower |
| 14:32 | Create | Archer |
| 14:33 | Create | Archer |
| 14:33 | Create | Archer |
| 14:57 | Build | Stone Wall |
| 15:06 | Build | Gate |
| 15:11 | Build | Gate |
| 15:17 | Build | House |
| 15:26 | Build | House |
| 16:04 | Create | Archer |
| 16:04 | Create | Archer |
| 16:04 | Create | Archer |
| 17:19 | Build | Lumber Camp |
| 17:40 | Create | Archer |
| 17:40 | Create | Archer |
| 17:50 | Create | Archer |
| 17:56 | Build | Farm |
| 17:57 | Build | Farm |
| 18:00 | Create | Villager (Male) |
| 18:48 | Create | Archer |
| 18:52 | Create | Villager (Male) |
| 18:52 | Create | Villager (Male) |
| 18:53 | Create | Villager (Male) |
| 19:00 | Build | House |
| 19:29 | Build | Farm |
| 19:30 | Build | Farm |
| 19:31 | Build | Farm |
| 19:41 | Create | Villager (Male) |
| 19:41 | Create | Villager (Male) |
| 19:43 | Build | Farm |
| 19:44 | Build | Farm |
| 19:46 | Build | Farm |
| 19:47 | Build | Farm |
| 20:25 | Research | Horse Collar |
| 20:34 | Build | Farm |
| 20:35 | Build | Farm |
| 20:44 | Build | Farm |
| 20:55 | Create | Archer |
| 20:55 | Create | Archer |
| 21:06 | Research | Gold Mining |
| 21:10 | Create | Villager (Male) |
| 21:10 | Create | Villager (Male) |
| 21:57 | Build | Blacksmith |
| 22:02 | Create | Villager (Male) |
| 22:02 | Create | Villager (Male) |
| 22:10 | Build | Farm |
| 22:12 | Build | Farm |
| 22:18 | Research | Double-Bit Axe |
| 22:40 | Build | House |
| 22:42 | Build | House |
| 22:43 | Research | Fletching |
| 22:51 | Create | Villager (Male) |
| 22:58 | Build | Farm |
| 23:01 | Create | Villager (Male) |
| 24:02 | Create | Archer |
| 24:03 | Create | Archer |
| 24:03 | Create | Archer |
| 24:12 | Build | Archery Range |
| 24:22 | Create | Villager (Male) |
| 24:22 | Create | Villager (Male) |
| 24:23 | Create | Villager (Male) |
| 24:37 | Research | Padded Archer Armor |
| 24:47 | Create | Archer |
| 24:47 | Create | Archer |
| 24:47 | Create | Archer |
| 24:47 | Create | Archer |
| 24:48 | Create | Archer |
| 24:48 | Create | Archer |
| 24:48 | Create | Archer |
| 24:48 | Create | Archer |
| 25:03 | Build | House |
| 25:04 | Build | House |
| 25:06 | Build | House |
| 25:50 | Create | Archer |
| 25:50 | Create | Archer |
| 26:18 | Create | Villager (Male) |
| 26:18 | Create | Villager (Male) |
| 26:26 | Build | Farm |
| 26:28 | Build | Farm |
| 26:30 | Build | Farm |
| 26:31 | Build | Farm |
| 26:40 | Build | Mill |
| 26:43 | Build | Farm |
| 26:43 | Build | Farm |
| 26:46 | Create | Villager (Male) |
| 26:46 | Create | Villager (Male) |
| 27:18 | Build | House |
| 27:21 | Build | House |
| 27:22 | Build | House |
| 27:24 | Build | House |
Build order — sibus
First 150 of 219 actions detected
| 0:01 | Create | Villager (Male) |
| 0:01 | Create | Villager (Male) |
| 0:03 | Build | House |
| 0:06 | Build | House |
| 0:10 | Create | Villager (Male) |
| 0:10 | Create | Villager (Male) |
| 0:10 | Create | Villager (Male) |
| 1:31 | Create | Villager (Male) |
| 1:45 | Build | Lumber Camp |
| 2:05 | Create | Villager (Male) |
| 2:23 | Create | Villager (Male) |
| 2:23 | Create | Villager (Male) |
| 2:46 | Build | House |
| 2:52 | Create | Villager (Male) |
| 2:52 | Create | Villager (Male) |
| 3:26 | Create | Villager (Male) |
| 3:26 | Create | Villager (Male) |
| 3:48 | Create | Villager (Male) |
| 3:49 | Create | Villager (Male) |
| 3:49 | Create | Villager (Male) |
| 4:13 | Create | Villager (Male) |
| 4:57 | Create | Villager (Male) |
| 4:58 | Research | Loom |
| 5:12 | Build | Mill |
| 5:35 | Create | Villager (Male) |
| 5:35 | Research | Loom |
| 6:29 | Research | Feudal Age |
| 6:55 | Build | Barracks |
| 7:04 | Build | House |
| 7:07 | Build | House |
| 8:19 | Create | Villager (Male) |
| 8:34 | Build | Palisade Wall |
| 8:38 | Build | Palisade Wall |
| 8:39 | Age | Feudal Age |
| 8:43 | Build | Stable |
| 8:46 | Create | Villager (Male) |
| 9:00 | Create | Villager (Male) |
| 9:26 | Create | Scout Cavalry |
| 9:26 | Create | Scout Cavalry |
| 9:58 | Create | Villager (Male) |
| 10:04 | Create | Villager (Male) |
| 10:19 | Create | Villager (Male) |
| 10:24 | Build | House |
| 10:32 | Create | Villager (Male) |
| 10:49 | Build | Lumber Camp |
| 10:51 | Create | Villager (Male) |
| 11:03 | Create | Villager (Male) |
| 11:06 | Create | Villager (Male) |
| 11:29 | Create | Villager (Male) |
| 11:33 | Create | Villager (Male) |
| 11:56 | Create | Villager (Male) |
| 12:05 | Create | Villager (Male) |
| 12:10 | Create | Villager (Male) |
| 12:12 | Build | Farm |
| 12:14 | Build | Farm |
| 12:22 | Build | Farm |
| 12:24 | Research | Horse Collar |
| 12:26 | Build | Farm |
| 12:27 | Build | Farm |
| 12:28 | Build | Farm |
| 12:29 | Build | Farm |
| 12:33 | Build | Farm |
| 12:34 | Create | Villager (Male) |
| 12:36 | Build | Farm |
| 13:10 | Build | Farm |
| 13:14 | Build | House |
| 13:21 | Create | Villager (Male) |
| 13:27 | Build | Farm |
| 13:30 | Create | Villager (Male) |
| 13:40 | Create | Villager (Male) |
| 13:52 | Build | Farm |
| 14:06 | Create | Spearman |
| 14:11 | Create | Spearman |
| 14:25 | Build | Farm |
| 14:27 | Create | Villager (Male) |
| 14:35 | Create | Villager (Male) |
| 14:55 | Create | Spearman |
| 15:05 | Create | Villager (Male) |
| 16:53 | Build | Watch Tower |
| 17:35 | Create | Villager (Male) |
| 17:58 | Create | Villager (Male) |
| 17:59 | Create | Villager (Male) |
| 18:06 | Build | Mining Camp |
| 18:08 | Create | Villager (Male) |
| 18:18 | Build | House |
| 18:22 | Build | Palisade Wall |
| 18:26 | Build | Archery Range |
| 18:34 | Build | Palisade Wall |
| 18:37 | Build | Palisade Wall |
| 18:42 | Build | Palisade Wall |
| 18:44 | Build | Palisade Wall |
| 18:46 | Create | Villager (Male) |
| 19:03 | Create | Villager (Male) |
| 19:16 | Build | Palisade Gate |
| 19:18 | Build | House |
| 19:26 | Build | Palisade Gate |
| 19:29 | Build | Palisade Gate |
| 19:30 | Build | Palisade Gate |
| 19:39 | Build | Palisade Gate |
| 19:52 | Create | Villager (Male) |
| 19:53 | Create | Villager (Male) |
| 19:53 | Create | Villager (Male) |
| 20:09 | Create | Villager (Male) |
| 20:47 | Build | Archery Range |
| 20:51 | Build | House |
| 21:00 | Build | Lumber Camp |
| 21:08 | Create | Villager (Male) |
| 21:25 | Research | Castle Age |
| 21:42 | Research | Double-Bit Axe |
| 22:18 | Build | Blacksmith |
| 22:25 | Build | House |
| 23:09 | Build | Lumber Camp |
| 23:30 | Build | Palisade Gate |
| 23:33 | Build | Palisade Gate |
| 23:48 | Build | Palisade Gate |
| 24:18 | Age | Castle Age |
| 24:24 | Create | Cavalry Archer |
| 24:25 | Create | Cavalry Archer |
| 24:25 | Create | Cavalry Archer |
| 24:25 | Create | Cavalry Archer |
| 24:28 | Research | Fletching |
| 24:31 | Research | Bloodlines |
| 24:31 | Research | Husbandry |
| 24:32 | Research | Padded Archer Armor |
| 25:02 | Create | Cavalry Archer |
| 25:02 | Create | Cavalry Archer |
| 25:02 | Create | Villager (Male) |
| 25:05 | Research | Bodkin Arrow |
| 25:14 | Build | House |
| 25:15 | Build | Palisade Wall |
| 25:22 | Create | Villager (Male) |
| 25:29 | Research | Gold Mining |
| 25:37 | Build | Archery Range |
| 25:51 | Create | Cavalry Archer |
| 25:51 | Create | Cavalry Archer |
| 25:52 | Create | Villager (Male) |
| 26:18 | Build | Farm |
| 26:55 | Create | Cavalry Archer |
| 26:55 | Create | Cavalry Archer |
| 26:55 | Create | Cavalry Archer |
| 26:55 | Create | Cavalry Archer |
| 26:56 | Create | Cavalry Archer |
| 26:56 | Create | Villager (Male) |
| 27:19 | Create | Cavalry Archer |
| 27:20 | Create | Cavalry Archer |
| 27:20 | Create | Cavalry Archer |
| 27:20 | Create | Cavalry Archer |
| 27:21 | Create | Villager (Male) |
| 27:21 | Create | Villager (Male) |
| 27:23 | Build | Farm |
Match timeline
| 5:11 | xXll-NETO-llXx · wall_segment Palisade Wall x8 |
| 6:18 | xXll-NETO-llXx · wall_segment Palisade Wall x7 |
| 6:55 | sibus · first_building Barracks |
| 7:06 | jkeR.! · first_building Barracks |
| 7:24 | xXll-NETO-llXx · wall_segment Palisade Wall x4 |
| 7:47 | Huesped Maldito · first_building Barracks |
| 7:48 | xXll-NETO-llXx · wall_segment Palisade Wall x8 |
| 8:20 | Uncle_Buck · first_building Barracks |
| 8:34 | sibus · wall_segment Palisade Wall x1 |
| 8:38 | sibus · wall_segment Palisade Wall x12 |
| 8:39 | sibus · age_up feudal |
| 8:43 | sibus · first_building Stable |
| 8:48 | xXll-NETO-llXx · wall_segment Palisade Wall x5 |
| 8:55 | xXll-NETO-llXx · wall_segment Palisade Wall x14 |
| 9:33 | Gunna · age_up feudal |
| 9:59 | Gunna · first_building Barracks |
| 10:07 | jkeR.! · age_up feudal |
| 10:14 | jkeR.! · first_building Stable |
| 10:15 | Jam Cat · first_building Barracks |
| 10:18 | xXll-NETO-llXx · first_building Barracks |
| 10:27 | sengfan · age_up feudal |
| 11:09 | Jam Cat · age_up feudal |
| 11:22 | Jam Cat · first_building Stable |
| 11:29 | Huesped Maldito · age_up feudal |
| 12:11 | Uncle_Buck · age_up feudal |
| 13:35 | Gunna · first_building Archery Range |
| 13:58 | xXll-NETO-llXx · first_building Archery Range |
| 14:34 | sengfan · age_up castle |
| 14:44 | sengfan · first_building Siege Workshop |
| 14:57 | xXll-NETO-llXx · wall_segment Stone Wall x4 |
| 15:07 | Gunna · wall_segment Palisade Wall x3 |
| 15:25 | jkeR.! · first_market_buy 100 food |
| 16:02 | xXll-NETO-llXx · first_market_sell 100 food |
| 16:12 | Uncle_Buck · first_building Stable |
| 16:56 | jkeR.! · first_market_sell 100 stone |
| 17:45 | sengfan · first_building Monastery |
| 18:08 | Huesped Maldito · first_market_buy 500 food |
| 18:09 | sengfan · first_building Barracks |
| 18:22 | sibus · wall_segment Palisade Wall x1 |
| 18:26 | sibus · first_building Archery Range |
| 18:34 | sibus · wall_segment Palisade Wall x1 |
| 18:37 | sibus · wall_segment Palisade Wall x7 |
| 18:42 | sibus · wall_segment Palisade Wall x1 |
| 18:44 | sibus · wall_segment Palisade Wall x7 |
| 19:26 | Uncle_Buck · first_market_sell 100 wood |
| 19:28 | Uncle_Buck · first_market_buy 100 food |
| 19:38 | xXll-NETO-llXx · first_market_buy 100 wood |
| 19:42 | jkeR.! · age_up castle |
| 20:37 | sengfan · first_building Castle |
| 20:41 | Huesped Maldito · wall_segment Palisade Wall x17 |
| 21:22 | Huesped Maldito · wall_segment Palisade Wall x44 |
| 22:09 | Uncle_Buck · age_up castle |
| 22:46 | Jam Cat · age_up castle |
| 24:18 | sibus · age_up castle |
| 25:15 | sibus · wall_segment Palisade Wall x1 |
| 25:38 | Gunna · wall_segment Palisade Wall x7 |
| 26:26 | Huesped Maldito · age_up castle |
| 26:34 | Huesped Maldito · first_market_sell 100 food |
| 26:58 | Huesped Maldito · first_building Castle |
| 27:20 | Jam Cat · first_building Monastery |
| 27:21 | Gunna · resign |
| 28:09 | sengfan · first_building Archery Range |
| 28:09 | jkeR.! · first_building Castle |
| 28:11 | Uncle_Buck · first_building Castle |
| 28:15 | sengfan · first_building Stable |
| 30:19 | Uncle_Buck · first_building Monastery |
| 30:57 | Jam Cat · first_building Castle |
| 32:07 | xXll-NETO-llXx · first_building Siege Workshop |
| 32:19 | Huesped Maldito · first_building Siege Workshop |
| 32:49 | sengfan · first_market_sell 500 wood |
| 33:32 | jkeR.! · first_building Archery Range |
| 35:22 | jkeR.! · wall_segment Stone Wall x5 |
| 35:29 | Uncle_Buck · age_up imperial |
| 35:33 | jkeR.! · wall_segment Stone Wall x3 |
| 35:34 | Jam Cat · first_building Siege Workshop |
[ AI ANALYSIS · 1 CREDIT ]
What really happened in this match?
Wolo.gg analyzes every decision: build order, eco, micro, common mistakes by bracket. Personalized analysis on WhatsApp or Discord in 30 seconds.
Civ guide
Magyars
Map guide
Oasis
Perfil
Jugador #1079021